Match 36245376
Unlisted

Match 36245376
End
Panzerpioneer Squad
Kradschützen Motorcycle Team
Panzergrenadier Squad
250 Light Carrier
Construct Light Support Kompanie
Combat Half-tracks
Fire Support Elements
Flakvierling Half-track
Panzerjäger Mechanized Group
le.IG 18 Support Gun Team
MG34 Team
Construct Mechanized Kompanie
Selects Italian Infantry
Selects Guastatori Squad
Selects Registered Artillery
Guastatori Squad
2.5-tonne Medical Truck
Marder III Tank Destroyer
Selects Towed Cannone da 105/28 Field Howitzer
Construct Panzerarmee Kommand
Flak 36 Anti-tank Gun Team
254 Reconnaissance Tractor
Selects Sound the Alarm
Selects Prepared Positions
Registered Artillery
Guastatori Squad
Registered Artillery
Armored Reserves
Tungsten Core Ammunition
Registered Artillery
Selects Obice 305mm Barrage
StuG Assault Group
Towed Cannone da 105/28 Field Howitzer
Registered Artillery
DibbeTC
harald halbgar
0
0

Comments sign in to comment!

No comments posted yet!